 Dungeon Crawl Stone Soup version 0.24.0-13-gcf9b3192b9 (webtiles) character file.

Game seed: 7041734160737696922, levelgen mode: deterministic

197 Lanoc the Shield-Bearer (level 6, -5/48 HPs)
             Began as a Formicid Fighter on Nov 10, 2019.
             Was a Believer of Dithmenos.
             Killed by divine providence
             ... invoked by an orc priest
              (14 damage)
             ... on level 3 of the Dungeon.
             The game lasted 00:04:41 (2121 turns).

Lanoc the Shield-Bearer (Formicid Fighter)          Turns: 2121, Time: 00:04:44

Health: -5/48      AC:  7    Str: 21    XL:     6   Next: 5%
Magic:  16/16      EV:  8    Int:  7    God:    Dithmenos [**....]
Gold:   109        SH:  9    Dex: 12    Spells: 5/5 levels left

rFire    . . .     SeeInvis +   a - +0 long sword
rCold    . . .     Gourm    .   c - +0 shield
rNeg     . . .     Faith    .   b - +0 scale mail
rPois    .         Spirit   .   (helmet unavailable)
rElec    .         Reflect  .   (no cloak)
rCorr    .         Harm     .   (no gloves)
MR       .....                  (no boots)
Stlth    ..........             (no amulet)
HPRegen  0.16/turn              n - ring of magical power
MPRegen  0.15/turn              (no ring)

@: wreathed by umbra
A: permanent stasis, dig shafts and tunnels, four strong arms, antennae 3
a: Dig, Shaft Self, Shadow Step, Renounce Religion


You were on level 3 of the Dungeon.
You worshipped Dithmenos.
Dithmenos was pleased with you.
You were hungry.

You visited 1 branch of the dungeon, and saw 3 of its levels.

You collected 109 gold pieces.

Inventory:

Hand Weapons
 a - a +0 long sword (weapon)
Missiles
 e - 43 arrows
Armour
 b - a +0 scale mail (worn)
 c - a +0 shield (worn)
Jewellery
 n - a ring of magical power (left hand)
Scrolls
 g - 2 scrolls of identify {unknown}
 h - a scroll of fear {unknown}
 m - a scroll of fog {unknown}
 o - a scroll of blinking {unknown}
Potions
 d - a potion of might
 i - 2 potions of curing
 j - a potion of agility {unknown}
 k - 2 potions of haste {unknown}
 p - a potion of heal wounds {unknown}
Comestibles
 f - 6 rations
 l - 2 chunks of flesh


   Skills:
 + Level 4.0 Fighting
 * Level 3.6 Long Blades
 + Level 4.0 Armour
 + Level 1.4 Dodging
 + Level 4.3 Shields
 + Level 1.4 Invocations


You had 5 spell levels left.
You didn't know any spells.
Your spell library was empty.

Dungeon Overview and Level Annotations

Branches:
Dungeon (3/15)

Altars:
Ashenzari
Dithmenos
Trog
Zin


Innate Abilities, Weirdness & Mutations

You cannot be hasted, slowed, berserked, paralysed or teleported.
You can dig through walls and to a lower floor.
Your four strong arms can wield two-handed weapons with a shield.
You have a pair of large antennae on your head. (SInv)


Message History

The orc priest looks satisfied for a moment.
You hit the orc but do no damage. The orc closely misses you.
You riposte.
You hit the orc.
The orc is severely wounded.
You hit the orc priest but do no damage.
The orc priest is almost dead.
You block the orc priest's attack. You block the orc's attack.
The orc barely misses you.
You closely miss the orc priest.
The orc priest is severely wounded.
The orc priest calls down the wrath of Beogh upon you.
You struggle to resist.
The orc hits you but does no damage.
The orc priest looks braver for a moment.
You barely miss the orc priest.
The orc priest is severely wounded.
The orc hits you but does no damage. The orc hits you with a cursed +0 whip.
* * * LOW HITPOINT WARNING * * *
The orc priest mumbles some strange prayers to Beogh against you.
Beogh smites you!
You die...

#.# ###..)####.
#... #.#
#.......#...## ####
#.# #............#
#.# #.......#....#
##.#####...####.#.#
...........# #.#.#
...######..# #.#.#
.###
#..####o#.###.# .#
#.....go@.....# .#
##.###.##o##### .#
#.# #.#.o.### .#
#.# #g..)...# ##
#.# ###o..#.# .###
#.# #.#..... ...##
#.. .###..### ..).#
### ## #.# ...)##
...


You could see an orc priest, 3 orcs and a hobgoblin.

Vanquished Creatures
  2 orc priests (D:3)
  6 adders
  An ooze (D:1)
  3 worms
  A dart slug (D:1)
  2 orcs
  4 giant cockroaches
  11 goblins
  4 hobgoblins
  7 jackals
  5 kobolds
  2 quokkas (D:2)
  8 bats
  4 frilled lizards
  8 rats
68 creatures vanquished.

Notes
Turn   | Place    | Note
-------+----------+-------------------------------------------
     0 | D:1      | Lanoc the Formicid Fighter began the quest for the Orb.
     0 | D:1      | Reached XP level 1. HP: 18/18 MP: 1/1
    54 | D:1      | Reached XP level 2. HP: 24/24 MP: 2/2
   397 | D:1      | Reached XP level 3. HP: 29/29 MP: 3/3
   403 | D:2      | Found a faded altar of an unknown god.
   411 | D:2      | Became a worshipper of Dithmenos the Shadowed
   411 | D:2      | Reached * piety under Dithmenos
   453 | D:2      | Found a glowing silver altar of Zin.
   497 | D:2      | Reached XP level 4. HP: 16/37 MP: 4/4
   819 | D:2      | Reached skill level 1 in Dodging
   927 | D:2      | Found a shattered altar of Ashenzari.
   996 | D:2      | Reached ** piety under Dithmenos
  1477 | D:3      | Reached XP level 5. HP: 40/42 MP: 5/5
  1772 | D:3      | Reached skill level 1 in Invocations
  1968 | D:3      | Reached XP level 6. HP: 38/48 MP: 7/7
  2006 | D:3      | Noticed a moth of wrath
  2009 | D:3      | Found a bloodstained altar of Trog.
  2111 | D:3      | HP: 2/48 [orc priest/divine providence (15)]
  2121 | D:3      | Killed from afar by an orc priest

Levels and vault maps discovered:
D:1:      lightli_molten_gateway, layout_rooms
D:2:      layout_loops_ring, zin_statuary, evilmike_ruin_ashenzari,
          serial_rivers, chequers_serial_rivers_micro_d,
          chequers_serial_rivers_micro_a, chequers_serial_rivers_micro_d,
          chequers_serial_rivers_small_3, chequers_serial_rivers_large_a,
          chequers_serial_rivers_marsh, chequers_ecumenical_altar_simple
D:3:      layout_loops_ring, tgw_trog

Skill      XL: |  1  2  3  4  5 |
---------------+----------------+-----
Shields        | 4 |  4.3
Long Blades    | 3 |  3.6
Dodging        | 1 |  1.4
Invocations    | 1 |  1.4
Fighting       | 4 |  4.0
Armour         | 4 |  4.0

Action                   |  1- 3 |  4- 6 || total
-------------------------+-------+-------++-------
Melee: Long sword        |    75 |   168 ||   243
  Use: Potion            |     1 |     1 ||     2
  Eat: Chunk             |       |     4 ||     4
Armor: Scale mail        |    36 |    81 ||   117
Dodge: Dodged            |    29 |    91 ||   120
Block: Shield            |    46 |   133 ||   179
       Rpst.: Long sword |    12 |    30 ||    42
